| TOP OF THE 1ST |
|
Philadelphia Phillies batting - Pitching for Washington Nationals : RHP Jon Glenn
|
|
Pitching: RHP Jon Glenn
|
|
|
Batting: LHB Nick Canizales
|
0-0: Foul Ball, location: 2F 0-1: Foul Ball, location: 2F 0-2: SINGLE (Line Drive, 6M, EV 96.2 MPH)
|
|
Batting: LHB Cody Schumacher
|
0-0: Called Strike 0-1: Ball 1-1: Ball 2-1: Ball 3-1: Base on Balls Nick Canizales to second
|
|
Batting: LHB Brad Turner
|
0-0: Ball 1-0: Ball 2-0: DOUBLE (Line Drive, 7LS, EV 93.8 MPH) Nick Canizales scores Cody Schumacher to third
|
|
Batting: LHB Ryan Trombley
|
0-0: Ball 1-0: Ball 2-0: SINGLE (Groundball, 13S, EV 68.1 MPH) (infield hit)
|
|
Batting: LHB Mike Davis
|
0-0: Ball 1-0: Called Strike 1-1: Foul Ball, location: 2F 1-2: Foul Ball, location: 2F 1-2: Ball 2-2: Strikes out swinging
|
|
Batting: RHB Josh Hensley
|
0-0: Grounds into double play, 6-4-3 (Groundball, 6, EV 81.2 MPH)
|
| Top of the 1st over - 1 run, 3 hits, 0 errors, 2 left on base; Philadelphia 1 - Washington 0 |
| BOTTOM OF THE 1ST |
|
Washington Nationals batting - Pitching for Philadelphia Phillies : RHP Matt Evans
|
|
Pitching: RHP Matt Evans
|
|
|
Batting: RHB Tommy Baird
|
0-0: Ball 1-0: Ball 2-0: Ball 3-0: Base on Balls
|
|
Batting: RHB Dave Vargas
|
0-0: Ball 1-0: Called Strike 1-1: Ball 2-1: Swinging Strike 2-2: SINGLE (Line Drive, 4D, EV 98.8 MPH) Tommy Baird to second
|
|
Batting: LHB Seth Cook
|
0-0: Ball 1-0: Called Strike Tommy Baird steals 3rd base Dave Vargas to second 1-1: Swinging Strike 1-2: Strikes out swinging
|
|
Batting: RHB John Sanders
|
0-0: Foul Ball, location: 2F 0-1: Ball 1-1: Ball 2-1: SINGLE (Groundball, P, EV 86.2 MPH) (infield hit) Tommy Baird scores Dave Vargas to third
|
|
Batting: LHB Kyung-jin Cho
|
0-0: SINGLE (Line Drive, 6M, EV 110.0 MPH) Dave Vargas scores John Sanders to second
|
|
Batting: RHB Kirk Arp
|
0-0: Ball 1-0: Ball 2-0: Ball 3-0: Called Strike 3-1: Foul Ball, location: 2F 3-2: DOUBLE (Line Drive, 7LS, EV 105.6 MPH) John Sanders scores Kyung-jin Cho to third
|
|
Batting: LHB Bob Melley
|
0-0: Ball 1-0: Ball 2-0: Foul Ball, location: 2F 2-1: DOUBLE (Line Drive, 9LM, EV 95.0 MPH) Kyung-jin Cho scores Kirk Arp scores
|
|
Batting: RHB Dan Fallon
|
0-0: Ball 1-0: Foul Ball, location: 2F 1-1: DOUBLE (Line Drive, 8RXD, EV 100.0 MPH) Bob Melley scores
|
|
Pitching: RHP David LaBounty
|
|
|
Batting: SHB Dylan Novakowski
|
0-0: Called Strike 0-1: Fly out, F6 (Popup, 6MD, EV 53.8 MPH)
|
|
Batting: RHB Tommy Baird
|
0-0: Ground out 4-3 (Groundball, 4, EV 83.1 MPH)
|
| Bottom of the 1st over - 6 runs, 6 hits, 0 errors, 1 left on base; Philadelphia 1 - Washington 6 |
| TOP OF THE 2ND |
|
Philadelphia Phillies batting - Pitching for Washington Nationals : RHP Jon Glenn
|
|
Batting: RHB Quintin Parker
|
0-0: Ball 1-0: Fly out, F7 (Flyball, 7D, EV 98.8 MPH)
|
|
Batting: RHB Mike Hanks
|
0-0: Ball 1-0: Called Strike 1-1: Fly out, F8 (Flyball, 89M, EV 89.4 MPH)
|
|
Batting: LHB Jim Beaver
|
0-0: Ball 1-0: Ball 2-0: Ball 3-0: Base on Balls
|
|
Batting: LHB Nick Canizales
|
0-0: Ball 1-0: Ball 2-0: DOUBLE (Line Drive, 89D, EV 105.0 MPH) Jim Beaver to third Runner from 3rd tries for Home, SAFE, no throw by RF
|
|
Batting: LHB Cody Schumacher
|
0-0: Called Strike 0-1: Ball 1-1: Foul Ball, location: 2F 1-2: Fly out, F8 (Flyball, 78M, EV 93.8 MPH)
|
| Top of the 2nd over - 1 run, 1 hit, 0 errors, 1 left on base; Philadelphia 2 - Washington 6 |
| BOTTOM OF THE 2ND |
|
Washington Nationals batting - Pitching for Philadelphia Phillies : RHP David LaBounty
|
|
Batting: RHB Dave Vargas
|
0-0: Called Strike 0-1: Ball 1-1: Ball 2-1: Ball 3-1: Called Strike 3-2: Foul Ball, location: 2F 3-2: Base on Balls
|
|
Batting: LHB Seth Cook
|
0-0: Called Strike 0-1: Foul Ball, location: 2F 0-2: Strikes out swinging
|
|
Batting: RHB John Sanders
|
0-0: Ball 1-0: Ball 2-0: Ball 3-0: Base on Balls Dave Vargas to second
|
|
Batting: LHB Kyung-jin Cho
|
0-0: Ball 1-0: Ball 2-0: Ball 3-0: Base on Balls Dave Vargas to third John Sanders to second
|
|
Batting: RHB Kirk Arp
|
0-0: Ball 1-0: Ball 2-0: Called Strike 2-1: Foul Ball, location: 2F 2-2: Ball 3-2: Foul Ball, location: 2F 3-2: Base on Balls Dave Vargas scores John Sanders to third Kyung-jin Cho to second
|
|
Batting: LHB Bob Melley
|
0-0: Ball 1-0: SINGLE (Groundball, 34S, EV 66.2 MPH) (infield hit) John Sanders scores Kyung-jin Cho to third Kirk Arp to second
|
|
Batting: RHB Dan Fallon
|
0-0: Ball 1-0: Ball 2-0: Called Strike 2-1: Foul Ball, location: 2F 2-2: Grounds into fielders choice U2 (Groundball, 2L, EV 72.5 MPH) Kirk Arp to third Bob Melley to second
|
|
Batting: SHB Dylan Novakowski
|
0-0: Ball 1-0: Ball 2-0: Ball 3-0: Called Strike 3-1: Swinging Strike 3-2: Base on Balls Kirk Arp scores Bob Melley to third Dan Fallon to second
|
|
Batting: RHB Tommy Baird
|
0-0: Foul Ball, location: 2F 0-1: Fielders Choice at 2nd, 6-4 (Groundball, 6, EV 105.6 MPH)
|
| Bottom of the 2nd over - 3 runs, 1 hit, 0 errors, 3 left on base; Philadelphia 2 - Washington 9 |
| TOP OF THE 3RD |
|
Philadelphia Phillies batting - Pitching for Washington Nationals : RHP Jon Glenn
|
|
Batting: LHB Brad Turner
|
0-0: Ball 1-0: Foul Ball, location: 2F 1-1: Foul Ball, location: 2F 1-2: Strikes out looking
|
|
Batting: LHB Ryan Trombley
|
0-0: Fly out, F6 (Popup, 6M, EV 65.6 MPH)
|
|
Batting: LHB Mike Davis
|
0-0: Ball 1-0: Ball 2-0: Ball 3-0: Base on Balls
|
|
Batting: RHB Josh Hensley
|
0-0: DOUBLE (Line Drive, 78M, EV 103.8 MPH) Mike Davis to third Runner from 3rd tries for Home, throw by LF and OUT! 7-6-2
|
| Top of the 3rd over - 0 runs, 1 hit, 0 errors, 1 left on base; Philadelphia 2 - Washington 9 |
| BOTTOM OF THE 3RD |
|
Washington Nationals batting - Pitching for Philadelphia Phillies : RHP David LaBounty
|
|
Pitching: RHP Lucas McPhillie
|
|
|
Batting: RHB Dave Vargas
|
0-0: Ball 1-0: Ball 2-0: DOUBLE (Line Drive, 8RD, EV 92.5 MPH)
|
|
Batting: LHB Seth Cook
|
0-0: Ground out 6-3 (Groundball, 6, EV 104.4 MPH)
|
|
Batting: RHB John Sanders
|
0-0: Called Strike 0-1: Ball 1-1: Ball 2-1: Foul Ball, location: 2F 2-2: SINGLE (Line Drive, 78S, EV 95.6 MPH) Dave Vargas to third Runner from 3rd tries for Home, SAFE, throw by LF to home
|
|
Batting: LHB Kyung-jin Cho
|
0-0: Ball John Sanders steals 2nd base 1-0: Called Strike 1-1: Foul Ball, location: 2F 1-2: Ball 2-2: Foul Ball, location: 2F 2-2: Ball 3-2: Ground out 4-3 (Groundball, 34, EV 86.2 MPH) John Sanders to third
|
|
Batting: RHB Kirk Arp
|
0-0: Ball 1-0: Fly out, F8 (Flyball, 8LD, EV 90.6 MPH)
|
| Bottom of the 3rd over - 1 run, 2 hits, 0 errors, 1 left on base; Philadelphia 2 - Washington 10 |
| TOP OF THE 4TH |
|
Philadelphia Phillies batting - Pitching for Washington Nationals : RHP Jon Glenn
|
|
Batting: RHB Quintin Parker
|
0-0: Swinging Strike 0-1: Ball 1-1: Ball 2-1: SINGLE (Line Drive, 8RS, EV 108.1 MPH)
|
|
Batting: RHB Mike Hanks
|
0-0: Ball 1-0: DOUBLE (Line Drive, 89M, EV 109.4 MPH) Quintin Parker to third Runner from 3rd tries for Home, SAFE, throw by CF to trailing runner, OUT at third! 8-3-5
|
|
Batting: LHB Jim Beaver
|
0-0: Foul Ball, location: 2F 0-1: Ball 1-1: Called Strike 1-2: Strikes out swinging
|
|
Batting: LHB Nick Canizales
|
0-0: Called Strike 0-1: Ball 1-1: Called Strike 1-2: Ground out 4-3 (Groundball, 34, EV 108.8 MPH)
|
| Top of the 4th over - 1 run, 2 hits, 0 errors, 0 left on base; Philadelphia 3 - Washington 10 |
| BOTTOM OF THE 4TH |
|
Washington Nationals batting - Pitching for Philadelphia Phillies : RHP Lucas McPhillie
|
|
Batting: LHB Bob Melley
|
0-0: Ball 1-0: Ball 2-0: Foul Ball, location: 2F 2-1: Ball 3-1: Called Strike 3-2: Foul Ball, location: 2F 3-2: Base on Balls
|
|
Batting: RHB Dan Fallon
|
0-0: Ball 1-0: Fly out, F7 (Flyball, 7D, EV 96.9 MPH)
|
|
Batting: SHB Dylan Novakowski
|
0-0: Ball 1-0: Foul Ball, location: 2F 1-1: Grounds out, U3 (Groundball, 3L, EV 100.0 MPH)
|
|
Batting: RHB Tommy Baird
|
0-0: SINGLE (Line Drive, 7LS, EV 97.5 MPH) Bob Melley to third
|
|
Batting: RHB Dave Vargas
|
0-0: Fly out, F8 (Flyball, 78D, EV 105.6 MPH)
|
| Bottom of the 4th over - 0 runs, 1 hit, 0 errors, 2 left on base; Philadelphia 3 - Washington 10 |
| TOP OF THE 5TH |
|
Philadelphia Phillies batting - Pitching for Washington Nationals : RHP Jon Glenn
|
|
Batting: LHB Cody Schumacher
|
0-0: Called Strike 0-1: Swinging Strike 0-2: Ball 1-2: Foul Ball, location: 2F 1-2: Foul Ball, location: 2F 1-2: Ball 2-2: Foul Ball, location: 2F 2-2: Fly out, F8 (Flyball, 8RS, EV 83.1 MPH)
|
|
Batting: LHB Brad Turner
|
0-0: Fly out, F4 (Popup, 4, EV 80.0 MPH)
|
|
Batting: LHB Ryan Trombley
|
0-0: Foul Ball, location: 2F 0-1: Foul Ball, location: 2F 0-2: Ball 1-2: Fly out, F2 (Popup, 23F, EV 85.0 MPH)
|
| Top of the 5th over - 0 runs, 0 hits, 0 errors, 0 left on base; Philadelphia 3 - Washington 10 |
| BOTTOM OF THE 5TH |
|
Washington Nationals batting - Pitching for Philadelphia Phillies : RHP Lucas McPhillie
|
|
Batting: LHB Seth Cook
|
0-0: Ball 1-0: Called Strike 1-1: Called Strike 1-2: Strikes out swinging
|
|
Batting: RHB John Sanders
|
0-0: Ball 1-0: Fly out, F9 (Flyball, 89M, EV 91.9 MPH)
|
|
Batting: LHB Kyung-jin Cho
|
0-0: Called Strike 0-1: Ball 1-1: SINGLE (Groundball, 4MD, EV 98.1 MPH)
|
|
Batting: RHB Kirk Arp
|
0-0: Ball Kyung-jin Cho steals 2nd base 1-0: Swinging Strike 1-1: Foul Ball, location: 2F 1-2: Ball 2-2: Ground out 5-3 (Groundball, 5, EV 102.5 MPH)
|
| Bottom of the 5th over - 0 runs, 1 hit, 0 errors, 1 left on base; Philadelphia 3 - Washington 10 |
| TOP OF THE 6TH |
|
Philadelphia Phillies batting - Pitching for Washington Nationals : RHP Jon Glenn
|
|
Batting: LHB Mike Davis
|
0-0: Called Strike 0-1: Called Strike 0-2: Strikes out swinging
|
|
Batting: RHB Josh Hensley
|
0-0: Ball 1-0: Foul Ball, location: 2F 1-1: Ball 2-1: Swinging Strike 2-2: Ground out 4-3 (Groundball, 6MD, EV 88.8 MPH)
|
|
Batting: RHB Quintin Parker
|
0-0: Ball 1-0: Called Strike 1-1: Ball 2-1: Ball 3-1: Base on Balls
|
|
Batting: RHB Mike Hanks
|
0-0: Foul Ball, location: 2F 0-1: Foul Ball, location: 2F 0-2: Ball 1-2: Fly out, F8 (Flyball, 89D, EV 82.5 MPH)
|
| Top of the 6th over - 0 runs, 0 hits, 0 errors, 1 left on base; Philadelphia 3 - Washington 10 |
| BOTTOM OF THE 6TH |
|
Washington Nationals batting - Pitching for Philadelphia Phillies : RHP Lucas McPhillie
|
|
Batting: LHB Bob Melley
|
0-0: Ball 1-0: Ball 2-0: Ball 3-0: Called Strike 3-1: Base on Balls
|
|
Pitching: RHP Ken Tetzlaff
|
|
|
Batting: RHB Dan Fallon
|
0-0: Foul Ball, location: 2F 0-1: Ball 1-1: Ball 2-1: Ball Bob Melley steals 2nd base (no throw) 3-1: Fly out, F8 (Flyball, 89D, EV 105.0 MPH) Runner from 2nd tags up, SAFE at 3rd, no throw by CF
|
|
Batting: SHB Dylan Novakowski
|
0-0: Ball 1-0: Called Strike 1-1: Ball 2-1: Foul Ball, location: 2F 2-2: Ball 3-2: Strikes out swinging
|
|
Batting: RHB Tommy Baird
|
0-0: Called Strike 0-1: Ball 1-1: Called Strike 1-2: Foul Ball, location: 2F 1-2: Ball 2-2: Fly out, F7 (Flyball, 78S, EV 79.4 MPH)
|
| Bottom of the 6th over - 0 runs, 0 hits, 0 errors, 1 left on base; Philadelphia 3 - Washington 10 |
| TOP OF THE 7TH |
|
Philadelphia Phillies batting - Pitching for Washington Nationals : RHP Jon Glenn
|
|
Batting: LHB Jim Beaver
|
0-0: Ball 1-0: Fly out, F7 (Flyball, 7, EV 83.8 MPH)
|
|
Batting: LHB Nick Canizales
|
0-0: Called Strike 0-1: Ball 1-1: Fly out, F7 (Line Drive, 7S, EV 93.1 MPH)
|
|
Batting: LHB Cody Schumacher
|
0-0: Called Strike 0-1: Swinging Strike 0-2: Strikes out swinging
|
| Top of the 7th over - 0 runs, 0 hits, 0 errors, 0 left on base; Philadelphia 3 - Washington 10 |
| BOTTOM OF THE 7TH |
|
Washington Nationals batting - Pitching for Philadelphia Phillies : RHP Ken Tetzlaff
|
|
Batting: RHB Dave Vargas
|
0-0: Ball 1-0: Swinging Strike 1-1: Foul Ball, location: 2F 1-2: Ball 2-2: Foul Ball, location: 2F 2-2: Strikes out swinging
|
|
Batting: LHB Seth Cook
|
0-0: Called Strike 0-1: Ball 1-1: Ball 2-1: Foul Ball, location: 2F 2-2: SINGLE (Groundball, 4MS, EV 75.0 MPH) (infield hit)
|
|
Batting: RHB John Sanders
|
0-0: Foul Ball, location: 2F 0-1: Foul Ball, location: 2F 0-2: Ball 1-2: SINGLE (Line Drive, 4D, EV 103.8 MPH) Seth Cook to second
|
|
Pinch Hitting: RHB Eric Wiss
|
0-0: Fly out, F7 (Flyball, 7D, EV 91.9 MPH) Runner from 2nd tags up, SAFE at 3rd, no throw by LF
|
|
Batting: RHB Kirk Arp
|
0-0: Ball 1-0: DOUBLE (Line Drive, 9LD, EV 100.6 MPH) Seth Cook scores John Sanders to third Runner from 3rd tries for Home, SAFE, no throw by RF
|
|
Batting: LHB Bob Melley
|
0-0: Foul Ball, location: 2F 0-1: Ball 1-1: Ball 2-1: Ball 3-1: Base on Balls
|
|
Batting: RHB Dan Fallon
|
0-0: Swinging Strike 0-1: Called Strike 0-2: Ball 1-2: Reached on error, E4 (Groundball, 4, EV 97.5 MPH) Kirk Arp to third Bob Melley to second
|
|
Pinch Hitting: RHB Darren McCarty Jr.
|
0-0: SINGLE (Line Drive, 89S, EV 100.6 MPH) Kirk Arp scores Bob Melley to third Dan Fallon to second Runner from 3rd tries for Home, SAFE, throw by CF to home
|
|
Pitching: RHP Marcos Tapia
|
|
|
Batting: RHB Tommy Baird
|
0-0: SINGLE (Groundball, 6MD, EV 106.9 MPH) Dan Fallon to third Darren McCarty Jr. to second Runner from 3rd tries for Home, throw by CF and OUT! 8-2
|
| Bottom of the 7th over - 4 runs, 5 hits, 1 error, 2 left on base; Philadelphia 3 - Washington 14 |
| TOP OF THE 8TH |
|
Philadelphia Phillies batting - Pitching for Washington Nationals : RHP Jon Glenn
|
|
Now at SS: Darren McCarty Jr.
|
|
|
Now in LF: Eric Wiss
|
|
|
Batting: LHB Brad Turner
|
0-0: Called Strike 0-1: DOUBLE (Flyball, 8LXD, EV 100.6 MPH)
|
|
Pitching: LHP Anass Rhammar
|
|
|
Batting: LHB Ryan Trombley
|
0-0: Ball 1-0: Foul Ball, location: 2F 1-1: Called Strike 1-2: Foul Ball, location: 2F 1-2: Ball 2-2: Ball 3-2: Ground out 4-3 (Groundball, 4, EV 101.9 MPH) Brad Turner to third
|
|
Pinch Hitting: RHB Carlos Morejon
|
0-0: Fly out, F8 (Flyball, 8RD, EV 97.5 MPH) Runner from 3rd tags up, SCORES, throw by CF
|
|
Batting: RHB Josh Hensley
|
0-0: Ball 1-0: Foul Ball, location: 2F 1-1: Swinging Strike 1-2: Ball 2-2: Ball 3-2: Ground out 5-3 (Groundball, 56S, EV 90.0 MPH)
|
| Top of the 8th over - 1 run, 1 hit, 0 errors, 0 left on base; Philadelphia 4 - Washington 14 |
| BOTTOM OF THE 8TH |
|
Washington Nationals batting - Pitching for Philadelphia Phillies : RHP Marcos Tapia
|
|
Now in LF: Osamu Kubo
|
|
|
Batting: RHB Dave Vargas
|
0-0: Foul Ball, location: 2F 0-1: Foul Ball, location: 2F 0-2: Ground out 4-3 (Groundball, 4, EV 101.9 MPH)
|
|
Batting: LHB Seth Cook
|
0-0: Ball 1-0: Ball 2-0: Foul Ball, location: 2F 2-1: Foul Ball, location: 2F 2-2: Ball 3-2: Base on Balls
|
|
Batting: RHB John Sanders
|
0-0: Ball 1-0: Fly out, F8 (Flyball, 8RXD, EV 92.5 MPH)
|
|
Batting: RHB Eric Wiss
|
0-0: Fielders Choice at 2nd, 6-4 (Groundball, 56, EV 89.4 MPH)
|
| Bottom of the 8th over - 0 runs, 0 hits, 0 errors, 1 left on base; Philadelphia 4 - Washington 14 |
| TOP OF THE 9TH |
|
Philadelphia Phillies batting - Pitching for Washington Nationals : LHP Anass Rhammar
|
|
Batting: RHB Quintin Parker
|
0-0: Ball 1-0: Ball 2-0: Ball 3-0: Base on Balls
|
|
Batting: RHB Mike Hanks
|
0-0: DOUBLE (Flyball, 89XD, EV 115.6 MPH) Quintin Parker to third
|
|
Batting: LHB Jim Beaver
|
0-0: Ball 1-0: Fly out, F5 (Flyball, 56D, EV 93.8 MPH)
|
|
Pinch Hitting: SHB Lance Franklin
|
0-0: Ball 1-0: Swinging Strike 1-1: Called Strike 1-2: Ball 2-2: SINGLE (Line Drive, 8LS, EV 91.9 MPH) Quintin Parker scores Mike Hanks to third
|
|
Batting: LHB Cody Schumacher
|
0-0: Ball 1-0: Foul Ball, location: 2F 1-1: Called Strike 1-2: Ball 2-2: Strikes out looking
|
|
Batting: LHB Brad Turner
|
0-0: Ball 1-0: Fly out, F5 (Line Drive, 6, EV 68.1 MPH)
|
| Top of the 9th over - 1 run, 2 hits, 0 errors, 2 left on base; Philadelphia 5 - Washington 14 |
|